 Dungeon Crawl Stone Soup version 0.31-a0-236-g9a0961fb85 (webtiles) character file.

Game seed: 15734980395339107876

94 qw the Shooter (level 4, 0/36 HPs)
             Began as a Minotaur Hexslinger on July 10, 2023.
             Slain by an orc wizard
             ... wielding a +0 dagger
              (2 damage)
             ... on level 3 of the Dungeon.
             The game lasted 00:00:51 (1946 turns).

qw the Shooter (Minotaur Hexslinger)                Turns: 1946, Time: 00:00:52

Health: 0/36       AC:  6    Str: 12    XL:     4   Next: 38%
Magic:  4/4        EV: 16    Int: 13    God:
Gold:   158        SH:  0    Dex: 15    Spells: 4/5 levels left

rFire   . . .        Y - +2 sling
rCold   . . .        (no shield)
rNeg    . . .        a - +0 ring mail
rPois   .            b - +2 hat {Int+3}
rElec   .            (no cloak)
rCorr   .            (no gloves)
SInv    .            (no boots)
Will    .....        (no amulet) Stlth
                     j - +5 ring of evasion
HPRegen 0.26/turn    (no ring)
MPRegen 0.09/turn

%: no passive effects
@: confused
A: horns 2, retaliatory headbutt, talons 1, iridescent scales 1, deformed body,
evolution 1
a: no special abilities


You were on level 3 of the Dungeon.
You visited 1 branch of the dungeon, and saw 3 of its levels.

You collected 158 gold pieces.


Innate Abilities, Weirdness & Mutations

You have a pair of horns on your head.
You reflexively headbutt those who attack you in melee.
You have sharp toenails.
You are partially covered in iridescent scales. (AC +2)
Armour fits poorly on your strangely shaped body.
You have hidden genetic potential.


   Skills:
 - Level 2.0 Fighting
 + Level 4.8 Ranged Weapons
 - Level 1.0 Armour
 - Level 2.1 Dodging
 - Level 1.0 Spellcasting
 - Level 2.0 Hexes


You had 4 spell levels left.
You knew the following spells:

 Your Spells              Type           Power      Damage    Failure   Level
a - Slow                  Hex            20%        N/A       28%         1

Your spell library contained the following spells:

 Spells                   Type           Power      Damage    Failure   Level
 Inner Flame              Hex/Fire       3%         N/A       77%         3
 Portal Projectile        Hex/Tloc       6%         N/A       77%         3
 Cause Fear               Hex            2%         N/A       95%         4

Inventory:

Hand Weapons
 Y - a +2 sling (weapon)
Armour
 a - a +0 ring mail (worn)
 b - a +2 hat of intelligence (worn)
Jewellery
 j - a +5 ring of evasion (left hand)
Scrolls
 d - a scroll of noise {unknown}
 h - a scroll of immolation {unknown}
Potions
 c - a potion of berserk rage {unknown}
 e - 3 potions of curing
 f - a potion of haste {unknown}
 g - a potion of degeneration {unknown}
 i - 3 potions of brilliance {unknown}
 k - a potion of mutation

Dungeon Overview and Level Annotations

Branches:
Dungeon (3/15)

Altars:

Annotations:
D:3 1 runed translucent door, Crazy Yiuf


Message History

A puff of flame appears from out of thin air!
The puff of flame hits you.
You shoot a sling bullet. Something hits you but does no damage.
You shoot a sling bullet.
You hear some strange, mumbled words.
A puff of flame appears from out of thin air!
The puff of flame misses you. Something hits you.
You shoot a sling bullet.
You hear some strange, mumbled words.
A puff of flame appears from out of thin air!
The puff of flame hits you!
You shoot a sling bullet. Something hits you.
You shoot a sling bullet.
You hear some strange, mumbled words.
You are confused.
Something hits you but does no damage.
You shoot a sling bullet.
You hear some strange, mumbled words.
You are more confused.
You shoot a sling bullet.
You hear some strange, mumbled words.
A magic dart appears from out of thin air!
The magic dart hits you.
You shoot a sling bullet. Something hits you.
You shoot a sling bullet.
Something hits you but does no damage. x2
You shoot a sling bullet.
You hear some strange, mumbled words.
A magic dart appears from out of thin air!
The magic dart hits you.
You shoot a sling bullet. Something barely misses you.
You shoot a sling bullet. Something hits you but does no damage.
Something hits you.
You shoot a sling bullet. Something hits you.
You die...

#................
##..###...%.......
#..## ##......###.
#.## ##......###
#.# #........# #.#
#...<###.. #.# #
###....###
#)#}#\## #.##.#..
#@{...}# ##.##....
###}#\## #....#...
## ##........
#..%......
#.........
##.........
#.#........
#.#....?...
#.#........


There were no monsters in sight!

Vanquished Creatures
  2 adders
  A worm (D:2)
  3 dart slugs (D:1)
  3 orcs (D:3)
  4 ball pythons
  8 bats
  5 endoplasms
  5 giant cockroaches
  5 hobgoblins
  A jackal (D:1)
  9 kobolds
  A frilled lizard (D:3)
  6 goblins
  9 rats
62 creatures vanquished.

Notes
Turn   | Place    | Note
-------+----------+-------------------------------------------
     0 | D:1      | qw the Minotaur Hexslinger began the quest for the Orb.
     0 | D:1      | Reached XP level 1. HP: 16/16 MP: 1/1
     0 | D:1      | 0 ||| qw: Version: 0.3-a-52-g30416fa
     0 | D:1      | 0 ||| qw: Game counter: 4561
     0 | D:1      | 0 ||| qw: Melee chars always use a shield: true
     0 | D:1      | 0 ||| qw: God list: Okawaru
     0 | D:1      | 0 ||| qw: Allow faded altars: false
     0 | D:1      | 0 ||| qw: Do Orc after clearing Dungeon:15 true
     0 | D:1      | 0 ||| qw: Do second Lair branch before Depths: true
     0 | D:1      | 0 ||| qw: Lair rune preference: random
     0 | D:1      | 0 ||| qw: Goals: Normal
     0 | D:1      | 0 ||| PLANNING D:1-11
    53 | D:1      | HP: 3/16 [rat (2)]
    54 | D:1      | HP: 1/16 [rat (3)]
    55 | D:1      | Reached skill level 3 in Ranged Weapons
    55 | D:1      | Reached XP level 2. HP: 1/23 MP: 2/2
   179 | D:1      | 179 ||| FLEEEEING.
   344 | D:1      | 344 ||| FLEEEEING.
   345 | D:1      | 345 ||| FLEEEEING.
   346 | D:1      | 346 ||| FLEEEEING.
   347 | D:1      | 347 ||| FLEEEEING.
   348 | D:1      | 348 ||| FLEEEEING.
   349 | D:1      | 349 ||| FLEEEEING.
   350 | D:1      | 350 ||| FLEEEEING.
   351 | D:1      | 351 ||| FLEEEEING.
   356 | D:1      | Reached XP level 3. HP: 28/29 MP: 3/3
   424 | D:1      | 424 ||| FLEEEEING.
   429 | D:1      | 429 ||| FLEEEEING.
   430 | D:1      | 430 ||| FLEEEEING.
   431 | D:1      | 431 ||| FLEEEEING.
   432 | D:1      | 432 ||| FLEEEEING.
   433 | D:1      | 433 ||| FLEEEEING.
   434 | D:1      | 434 ||| FLEEEEING.
   435 | D:1      | 435 ||| FLEEEEING.
   436 | D:1      | 436 ||| FLEEEEING.
   437 | D:1      | 437 ||| FLEEEEING.
   471 | D:1      | Reached skill level 4 in Ranged Weapons
   568 | D:1      | 568 ||| READING scroll labelled QAGER TISHYFAJ.
   569 | D:1      | 569 ||| READING scroll labelled ZULUM RURULE.
   570 | D:1      | 570 ||| DRINKING 2 bubbling ruby potions.
   570 | D:1      | Gained mutation: You are vulnerable to heat. (rF-) [potion
                  | of mutation]
   571 | D:1      | 571 ||| DRINKING potion of mutation.
   571 | D:1      | Lost mutation: You are vulnerable to heat. (rF-) [potion of
                  | mutation]
   571 | D:1      | Gained mutation: Armour fits poorly on your strangely
                  | shaped body. [potion of mutation]
   571 | D:1      | Gained mutation: You have hidden genetic potential. [potion
                  | of mutation]
   571 | D:1      | Gained mutation: You are partially covered in iridescent
                  | scales. (AC +2) [potion of mutation]
   572 | D:1      | 572 ||| DROPPING scroll of poison.
  1316 | D:2      | 1316 ||| UPGRADING to +0 ring mail.
  1326 | D:2      | 1326 ||| UPGRADING to +2 hat of intelligence.
  1331 | D:2      | 1331 ||| DROPPING +0 robe.
  1332 | D:2      | 1332 ||| UPGRADING to +5 ring of evasion.
  1333 | D:2      | 1333 ||| READING scroll labelled ZUH MICEPLAFO.
  1334 | D:2      | 1334 ||| READING scroll labelled HUTATAT MUEZ.
  1335 | D:2      | 1335 ||| DRINKING 3 fizzy grey potions.
  1411 | D:3      | Reached skill level 1 in Armour
  1411 | D:3      | Reached XP level 4. HP: 35/36 MP: 4/4
  1591 | D:3      | 1591 ||| Stepping ~*~*~tactically~*~*~ (outnumbered).
  1603 | D:3      | Gained mutation: You have sharp toenails. [hidden
                  | potential]
  1715 | D:3      | Found a runed translucent door.
  1716 | D:3      | Noticed Crazy Yiuf
  1941 | D:3      | HP: 6/36 [something (4)]
  1943 | D:3      | HP: 2/36 [something/magic dart (5)]
  1946 | D:3      | Slain by an orc wizard

Levels and vault maps discovered:
D:1:      minmay_arrival_four_houses, layout_rooms, st_stairs_9
D:2:      layout_basic
D:3:      layout_rooms, amethyst_overflow_temple_binary, minmay_misc_feat_iff,
          minmay_goblin_kobold_house, uniq_crazy_yiuf_cottage

Skill      XL: |  1  2  3 |
---------------+----------+-----
Ranged Weapons | 3 4 |  4.8
Fighting       | 2 |  2.0
Armour         | 1 |  1.0
Dodging        | |  2.1
Spellcasting   | |  1.0
Hexes          | |  2.0

Action                     |  1- 3 |  4- 6 || total
---------------------------+-------+-------++-------
   Fire: Sling             |   115 |    74 ||   189
    Use: Scroll            |     4 |       ||     4
         Potion            |     3 |       ||     3
 Armour: Robe              |    21 |       ||    21
         Ring mail         |     2 |    20 ||    22
  Dodge: Dodged            |    45 |    11 ||    56

Table legend:
 A = Non-vault XP
 B = Vault XP
 C = Vault XP percentage of total XP
 D = Non-vault monster count
 E = Vault monster count
 F = Vault count percentage of total count
                 A         B        C        D         E       F
            +---------+---------+-------+---------+---------+-------
      Total |     123 |      12 |   8.9 |      53 |       9 |  14.5
            +---------+---------+-------+---------+---------+-------
        D:1 |      57 |       7 |  10.9 |      32 |       4 |  11.1
        D:2 |      28 |       0 |   0.0 |       8 |       0 |   0.0
        D:3 |      38 |       5 |  11.6 |      13 |       5 |  27.8
            +---------+---------+-------+---------+---------+-------
